 Dungeon Crawl Stone Soup version 0.28.0-45-g0d030f2227 (webtiles) character file.

Game seed: 2801865589702568057

100 zeratav the Shooter (level 4, -3/36 HPs)
             Began as a Palentonga Hunter on Apr 5, 2022.
             Slain by reversiblehash's ghost (6 damage)
             ... on level 3 of the Dungeon.
             The game lasted 00:05:23 (3004 turns).

zeratav the Shooter (Palentonga Hunter)             Turns: 3004, Time: 00:05:23

Health: -3/36      AC:  5    Str: 16    XL:     4   Next: 46%
Magic:  4/4        EV:  9    Int: 11    God:
Gold:   178        SH:  0    Dex: 12    Spells: 3/3 levels left

rFire   . . .      SeeInvis +   a - +1 shortbow
rCold   . . .      Faith    .   (shield currently unavailable)
rNeg    . . .      Spirit   .   c - +0 leather armour
rPois   .          Reflect  .   (no helmet)
rElec   .          Harm     .   h - +0 cloak
rCorr   .          Rampage  .   (no gloves)
Will    .....                   (no barding)
Stlth   +.........              (no amulet)
HPRegen 0.12/turn               (no ring)
MPRegen 0.09/turn               (no ring)

@: lethally poisoned (-3 -> -34)
A: large, rugged brown scales 3, see invisible, deformed body, roll 1, armoured
tail
a: Rolling Charge


You were on level 3 of the Dungeon.
You visited 1 branch of the dungeon, and saw 3 of its levels.

You collected 178 gold pieces.

Inventory:

Hand Weapons
 a - a +1 shortbow (weapon)
 b - a +0 short sword
Missiles
 d - 4 arrows (quivered ammo)
Armour
 c - a +0 leather armour (worn)
 h - a +0 cloak (worn)
 j - a +1 ring mail of cold resistance
Scrolls
 f - 3 scrolls of amnesia {unknown}
 g - a scroll of fear {unknown}
 i - 5 scrolls of identify {unknown}
 l - a scroll of blinking {unknown}
Potions
 e - a potion of heal wounds {unknown}
 k - a potion of brilliance {unknown}
 m - 2 potions of might {unknown}
 n - a potion of berserk rage {unknown}


   Skills:
 - Level 2.4 Fighting
 + Level 4.4 Bows
 - Level 2.0 Dodging
 - Level 1.1 Stealth


You had 3 spell levels left.
You didn't know any spells.
Your spell library was empty.

Dungeon Overview and Level Annotations

Branches:
Dungeon (3/15)

Altars:

Annotations:
D:3 reversiblehash's ghost, amateur GnFi


Innate Abilities, Weirdness & Mutations

You are completely covered in rugged brown scales. (AC +3, +7% HP)
You have supernaturally acute eyesight. (SInv)
Armour fits poorly on your strangely shaped body.
You can roll at nearby foes to attack.
You have a long armoured tail.


Message History

Things that are here:
a +0 club; a goblin corpse
Things that are here:
a +0 club; a goblin corpse
Things that are here:
a +0 club; a goblin corpse
Found 26 stones.
You see here 26 stones.
The orc shouts!
You open the door. You shoot an arrow. The arrow hits the orc!
You kill the orc!
You shoot an arrow.
The arrow closely misses reversiblehash's ghost.
Reversiblehash's ghost hits you.
You are poisoned.
You shoot an arrow.
The arrow hits reversiblehash's ghost but does no damage.
You feel sick. Reversiblehash's ghost hits you.
You are more poisoned.
You shoot an arrow.
The arrow hits reversiblehash's ghost but does no damage.
You feel very sick.
Reversiblehash's ghost barely misses you.
You shoot an arrow. The arrow hits reversiblehash's ghost.
Reversiblehash's ghost is lightly damaged.
You feel very sick.
Reversiblehash's ghost hits you but does no damage.
You are lethally poisoned!
You shoot an arrow.
The arrow barely misses reversiblehash's ghost.
You feel very sick. Reversiblehash's ghost hits you.
You are more poisoned.
Reversiblehash's ghost hits you.
You are more poisoned.
* * * LOW HITPOINT WARNING * * *
You feel extremely sick. Reversiblehash's ghost hits you.
You die...

##### #...#
############...##
#####
#.......#.......#
#....
#.......'.....W@#
##########....
#.......#.......#
#........'....
#.......#.......#
#.########....
#.......#.......#
#.# #....
#.......##'##...#
#.# #....
####....#§§§#...#
#.# ##...
#....#§§§#...#
#.# #... #....#
#.#+###'### #...
##...#
###.........#
####


You could see reversiblehash's ghost.

Vanquished Creatures
  An iguana (D:3)
  A gnoll (D:1)
  2 adders
  2 dart slugs (D:2)
  An orc (D:3)
  2 ball pythons
  4 endoplasms
  3 giant cockroaches
  2 goblins
  3 hobgoblins (D:1)
  4 jackals (D:1)
  4 quokkas
  A bat (D:2)
  2 frilled lizards
  5 kobolds
  2 rats (D:1)
39 creatures vanquished.

Vanquished Creatures (others)
  A plant (D:1)
1 creature vanquished.

Grand Total: 40 creatures vanquished

Notes
Turn   | Place    | Note
-------+----------+-------------------------------------------
     0 | D:1      | zeratav the Palentonga Hunter began the quest for the Orb.
     0 | D:1      | Reached XP level 1. HP: 17/17 MP: 1/1
   127 | D:1      | Reached XP level 2. HP: 23/23 MP: 2/2
   317 | D:1      | Found a faded altar of an unknown god.
   371 | D:1      | Reached skill level 1 in Stealth
   784 | D:1      | Reached XP level 3. HP: 29/29 MP: 3/3
  2352 | D:3      | Reached skill level 4 in Bows
  2352 | D:3      | Reached XP level 4. HP: 34/36 MP: 4/4
  2569 | D:3      | Identified the +1 plate armour of Wehih {+Inv}
  2637 | D:3      | Found a runed translucent door.
  2992 | D:3      | Noticed reversiblehash's ghost (amateur GnFi)
  3004 | D:3      | Slain by reversiblehash's ghost

Illustrated notes

Levels and vault maps discovered:
D:1:      lemuel_arrival_broad_hall, layout_basic,
          hellmonk_ecumenical_altar_blasted, serial_bayou_pond_b,
          serial_park_tiny_2
D:2:      layout_basic
D:3:      minmay_recursive_quarters, layout_basic, ebering_ghost_inner_flame,
          kennysheep_flooded_box

Skill      XL: |  1  2  3 |
---------------+----------+-----
Stealth        | 1 |  1.1
Dodging        | 2 |  2.0
Bows           | 4 |  4.4
Fighting       | |  2.4

Action                   |  1- 3 |  4- 6 || total
-------------------------+-------+-------++-------
Melee: Shortbow          |     1 |       ||     1
 Fire: Shortbow          |    82 |    18 ||   100
  Use: Scroll            |     1 |       ||     1
Armor: Leather armour    |    15 |     2 ||    17
Dodge: Dodged            |    19 |     1 ||    20
